AoeStats
← nearwhere

Black Forest

506658452Analyzed
4v4 RM · 16d ago on Sep 14, 2026· 40m 42s· 8 players
Game mode
Random Map
Map size
Large (8 player)
Population
200
Speed
Normal
Resources
Standard
Victory
Conquest
Starting age
Dark Age
Ending age
Imperial Age
RankedLock teamsTeams togetherTeam positionsShared explorationLock speedFull tech treeHidden civsTurbo modeCheats
Victory
Defeat
🇬🇧 Celts · United Kingdom
1085
+11
🇲🇽 Saracens · Mexico
1028
+13
🇧🇪 Koreans · Belgium
1016
+14
🇹🇷 Mongols · Türkiye
985
+15
🇩🇪 Hindustanis · Germany
1017
-15
🇺🇸 Franks · United States
1008
-15
🇨🇳 Romans · China
951
-13
🇩🇪 Teutons · Germany
881
-10
noumha
0:32 Loom
10:41 Feudal Age
22:42 Castle Age
20:51 Horse Collar
21:09 Double-Bit Axe
21:54 Fletching
24:17 Crossbowman
37:55 Imperial Age
38:39 Pikeman
joseemiron
5:11 Loom
12:05 Feudal Age
15:49 Castle Age
13:58 Double-Bit Axe
14:17 Horse Collar
18:06 Forging
18:15 Bow Saw
18:08 Heavy Plow
20:00 Wheelbarrow
23:47 Gold Mining
23:48 Stone Mining
25:12 Gold Shaft Mining
25:29 Hand Cart
26:07 Scale Barding Armor
26:12 Forging
26:48 Town Watch
29:11 Chain Barding Armor
29:26 Iron Casting
28:42 Fletching
31:46 Imperial Age
30:30 Bloodlines
30:21 Husbandry
30:03 Light Cavalry
30:11 Light Cavalry
33:33 Chemistry
32:39 Siege Engineers
32:46 Scale Mail Armor
33:22 Plate Barding Armor
33:47 Blast Furnace
32:44 Bodkin Arrow
32:37 Hussar
35:21 Conscription
34:25 Elite Mameluke
40:21 Blast Furnace
39:22 Bracer
beklenenzafer
8:23 Loom
10:16 Feudal Age
12:05 Loom
14:26 Castle Age
13:34 Double-Bit Axe
15:02 Horse Collar
16:50 Wheelbarrow
20:28 Bow Saw
21:34 Fletching
23:06 Bodkin Arrow
24:53 Ballistics
24:58 Padded Archer Armor
25:23 Town Watch
27:05 Leather Archer Armor
27:40 Bloodlines
31:03 Husbandry
33:12 Scale Barding Armor
34:19 Heavy Plow
34:57 Gold Mining
35:00 Stone Mining
35:48 Guard Tower
41:01 Imperial Age
40:35 Forging
DentedOrca58204
3:49 Loom
10:59 Feudal Age
16:05 Castle Age
17:15 Double-Bit Axe
27:00 Horse Collar
28:05 Town Watch
29:21 Heavy Plow
30:48 Wheelbarrow
31:27 Bow Saw
33:50 Imperial Age
30:47 Pikeman
31:14 Arson
33:27 Forging
33:48 Scale Mail Armor
34:46 Iron Casting
33:56 Halberdier
35:01 Conscription
35:33 Chain Mail Armor
36:37 Hand Cart
37:25 Plate Mail Armor
38:35 Blast Furnace
42:09 Chemistry
TDMC | SpAwN_™
0:27 Loom
10:07 Feudal Age
10:33 Double-Bit Axe
15:11 Castle Age
16:08 Wheelbarrow
16:03 Bow Saw
17:31 Gold Mining
19:56 Gold Shaft Mining
25:03 Forging
26:33 Iron Casting
26:47 Stone Mining
29:08 Scale Barding Armor
29:23 Hand Cart
29:23 Husbandry
30:49 Chain Barding Armor
34:26 Imperial Age
34:14 Scale Mail Armor
34:27 Cavalier
35:39 Conscription
36:42 Blast Furnace
37:17 Chemistry
35:54 Paladin
38:18 Chivalry
40:04 Hoardings
39:25 Pikeman
40:26 Chain Mail Armor
945100118
9:49 Feudal Age
14:24 Castle Age
14:26 Double-Bit Axe
22:03 Wheelbarrow
21:20 Town Watch
22:33 Bow Saw
22:35 Horse Collar
23:39 Gold Mining
23:53 Heavy Plow
24:11 Hand Cart
27:25 Gold Shaft Mining
26:40 Stone Mining
28:33 Ballistics
27:56 Man-at-Arms
31:01 Pikeman
31:41 Squires
31:03 Long Swordsman
36:38 Imperial Age
34:10 Town Patrol
33:56 Loom
34:11 Murder Holes
34:22 Scale Mail Armor
34:32 Forging
35:37 Ballistas
37:48 Comitatenses
37:49 Conscription
38:34 Chemistry
37:41 Siege Engineers
37:06 Legionary
37:48 Capped Ram
37:52 Heavy Scorpion
38:42 Halberdier
nearwhere
8:06 Loom
10:54 Feudal Age
12:21 Double-Bit Axe
12:17 Horse Collar
12:28 Man-at-Arms
13:14 Arson
22:57 Castle Age
39:25 Scale Mail Armor
baeda-frank-tsg
1:23 Loom
13:41 Feudal Age
15:02 Double-Bit Axe
20:11 Castle Age
20:55 Wheelbarrow
21:08 Arson
21:51 Bow Saw
21:15 Elite Skirmisher
23:06 Fletching
25:37 Bodkin Arrow
26:25 Padded Archer Armor
33:54 Hand Cart
35:21 Stone Mining
35:23 Gold Mining
36:47 Pikeman
38:29 Scale Mail Armor
38:35 Horse Collar
Connection lost

Rejoining the realm…

Still unreachable

The connection could not be restored.

Session expired

The server has moved on; the page needs a fresh start.